[Event "Titled Tuesday Blitz March 07 Early 2023"]
[White "Omariev, Maksim"]
[Black "Csonka, Balazs"]
[WhiteFideId "4193423"]
[BlackFideId "742910"]
[WhiteElo "2474"]
[BlackElo "2404"]
[Result "0-1"]
[Round "04"]
[TimeControl "180+2"]
[Date "2023.03.07"]
[WhiteClock "0:00:02"]
[BlackClock "0:00:06"]

1. h4 e5 2. h5 d5 3. h6 Nxh6 4. d4 Nc6 5. Bxh6 gxh6 6. dxe5 Nxe5 7. e3 c6 8. Nd2 Bg7 9. c3 Bf5 10. Ndf3 Qb6 11. Nxe5 Qxb2 12. f4 Bxe5 13. fxe5 Qxc3+ 14. Kf2 Qxe5 15. Nf3 Qb2+ 16. Be2 O-O-O 17. Nd4 Bg6 18. Qa4 Kb8 19. Rhc1 Rd6 20. Kg1 Re8 21. Bf3 Rxe3 22. Nb3 Rxf3 23. gxf3 Be4 0-1


[Site "https://www.chess.com"]

[Event "Titled Tuesday Blitz March 07 Early 2023"]
[White "Skliarov, Viktor"]
[Black "Pourkashiyan, Atousa"]
[WhiteFideId "14106736"]
[BlackFideId "12502014"]
[WhiteElo "2289"]
[BlackElo "2228"]
[Result "0-1"]
[Round "04"]
[TimeControl "180+2"]
[Date "2023.03.07"]
[WhiteClock "0:00:02"]
[BlackClock "0:00:08"]

1. e4 c5 2. Nf3 e6 3. c3 Nf6 4. Bd3 d5 5. e5 Nfd7 6. Bc2 d4 7. d3 Nc6 8. Bf4 Be7 9. O-O O-O 10. Nbd2 Qc7 11. Re1 b6 12. Bg3 Bb7 13. cxd4 cxd4 14. Rc1 Nc5 15. a3 a5 16. Ne4 Rac8 17. Nd6 Bxd6 18. exd6 Qd7 19. Ne5 Nxe5 20. Bxe5 f6 21. Bxd4 Qxd6 22. Be3 Qd5 23. f3 Rfd8 24. d4 Qh5 25. Qd2 e5 26. Qf2 exd4 27. Bxd4 Kh8 28. b4 axb4 29. axb4 Nd7 30. Ba4 b5 31. Bb3 Ne5 32. Bxe5 fxe5 33. Be6 Rxc1 34. Rxc1 Qh6 35. Rc7 Rd1+ 36. Qf1 Qe3+ 37. Kh1 Rxf1# 0-1


[Site "https://www.chess.com"]

[Event "Titled Tuesday Blitz March 07 Early 2023"]
[White "Sreyas Payyappat"]
[Black "Martinez Ramirez, Lennis"]
[WhiteFideId "46674969"]
[BlackFideId "3509079"]
[WhiteElo "2083"]
[BlackElo "2439"]
[Result "0-1"]
[Round "04"]
[TimeControl "180+2"]
[Date "2023.03.07"]
[WhiteClock "0:00:02"]
[BlackClock "0:01:11"]

1. e4 c5 2. Nf3 d6 3. d4 cxd4 4. Nxd4 Nf6 5. Nc3 a6 6. h4 e5 7. Nb3 Be6 8. f4 Qc7 9. f5 Bc4 10. Bg5 Nbd7 11. Qf3 b5 12. g4 h6 13. Bxf6 Nxf6 14. O-O-O b4 15. Nd5 Nxd5 16. exd5 a5 17. Bxc4 Qxc4 18. Rhe1 Be7 19. Re4 Qc7 20. Rde1 Bxh4 21. Rxe5+ dxe5 22. d6 Qd8 23. Rxe5+ Kf8 24. d7 Qg5+ 25. Kb1 Rd8 26. Qe2 Kg8 27. Re8+ Kh7 28. Nc5 Qf4 29. a3 Qc7 30. Rxh8+ Rxh8 31. Qe3 Bg5 32. Qd4 Bf6 33. Qd5 Rd8 34. Ne4 Rxd7 35. Nxf6+ gxf6 36. Qe4 Rd1+ 37. Ka2 Qd7 38. g5 Qd5+ 0-1


[Site "https://www.chess.com"]

[Event "Titled Tuesday Blitz March 07 Early 2023"]
[White "Khripachenko, Alexander"]
[Black "Huber, Benedikt"]
[WhiteFideId "54184975"]
[BlackFideId "12923583"]
[WhiteElo "2384"]
[BlackElo "2199"]
[Result "1-0"]
[Round "04"]
[TimeControl "180+2"]
[Date "2023.03.07"]
[WhiteClock "0:00:12"]
[BlackClock "0:00:10"]

1. d4 e6 2. c4 f5 3. Nf3 Nf6 4. g3 Be7 5. Bg2 O-O 6. O-O d6 7. Nc3 Ne4 8. Qc2 Nxc3 9. Qxc3 Bf6 10. Re1 Qe7 11. e4 e5 12. dxe5 dxe5 13. exf5 Nc6 14. c5 Bxf5 15. Qb3+ Kh8 16. Qxb7 Qxc5 17. Be3 Nd4 18. Rac1 Qb6 19. Qxb6 axb6 20. Bxd4 exd4 21. Nh4 Ra5 22. Nxf5 Rxf5 23. Rxc7 d3 24. Rd7 Rxf2 25. Rxd3 Rxb2 26. Bd5 h6 27. Bb3 Bg5 28. h4 Bd2 29. Re2 Rb1+ 30. Kh2 Bb4 31. Rde3 Bc5 32. Re8 Rf1 33. Rxf8+ Rxf8 34. Kh3 Rd8 35. Re6 Rf8 36. h5 Rd8 37. Rc6 Rf8 38. Bc2 Rd8 39. a4 Kg8 40. a5 Rb8 41. a6 Ra8 42. Bd3 Kf8 43. Bb5 Bd4 44. Rc7 Be5 45. Rb7 Bd4 46. a7 Be5 47. Kg4 Bd6 48. Kf3 Be5 49. g4 Bd6 50. Bc6 Be5 51. Bd5 Bd6 52. Rf7+ 1-0


[Site "https://www.chess.com"]

[Event "Titled Tuesday Blitz March 07 Early 2023"]
[White "Stepanencu, Nicodim-Cosmin"]
[Black "Oro, Faustino"]
[WhiteFideId "1256220"]
[BlackFideId "20000197"]
[WhiteElo "2185"]
[BlackElo "1984"]
[Result "0-1"]
[Round "04"]
[TimeControl "180+2"]
[Date "2023.03.07"]
[WhiteClock "0:00:06"]
[BlackClock "0:00:06"]

1. b3 Nf6 2. Bb2 g6 3. Nf3 Bg7 4. g3 O-O 5. Bg2 b6 6. Ne5 c6 7. O-O Bb7 8. d4 d5 9. c4 Nbd7 10. Nc3 e6 11. f4 Nxe5 12. fxe5 Ng4 13. Qd3 c5 14. cxd5 cxd4 15. Qxd4 Nxe5 16. Kh1 Rc8 17. Qa4 exd5 18. Rad1 Bc6 19. Qf4 d4 20. Ne4 f5 21. Rxd4 Qe7 22. Nd6 Bxg2+ 23. Kxg2 Rcd8 24. Rfd1 Ng4 25. e4 Bxd4 26. Rxd4 Qe6 27. h3 Nf6 28. exf5 Qe2+ 29. Qf2 Qxf2+ 30. Kxf2 Rxd6 31. Ra4 Rc6 32. Ba3 Rf7 33. fxg6 hxg6 34. Ke3 Nd5+ 35. Kd4 Nc3 36. Ra6 Nb5+ 37. Kd5 Rcf6 38. Bb2 Rd6+ 39. Ke5 Re7+ 40. Kf4 Nd4 41. Kg5 Ne6+ 42. Kf6 Rf7+ 43. Ke5 Rc6 44. Ra4 Nc5 45. Kd5 Nxa4 46. bxa4 Rc2 47. Bd4 Rxa2 48. g4 Rxa4 49. Be5 Ra5+ 50. Ke6 Rxe5+ 51. Kxe5 b5 0-1


[Site "https://www.chess.com"]

[Event "Titled Tuesday Blitz March 07 Early 2023"]
[White "Kozak, Antoni"]
[Black "Gonzalez, Francisco Silva"]
[WhiteFideId "21832030"]
[BlackFideId "1512285"]
[WhiteElo "2470"]
[BlackElo "2074"]
[Result "0-1"]
[Round "04"]
[TimeControl "180+2"]
[Date "2023.03.07"]
[WhiteClock "0:00:02"]
[BlackClock "0:00:37"]

1. d4 Nf6 2. c4 e6 3. Nc3 Bb4 4. Nf3 b6 5. g3 Bxc3+ 6. bxc3 Bb7 7. Bg2 d6 8. O-O Nbd7 9. Re1 O-O 10. Bh3 Ne4 11. Qc2 f5 12. Bg2 Rb8 13. a4 a5 14. Ba3 Qe7 15. Rab1 Ba8 16. Rf1 Rfe8 17. Ne1 Qg5 18. Bc1 Qe7 19. f3 Nef6 20. Ba3 Qf7 21. Nd3 e5 22. d5 Bb7 23. Nf2 g6 24. e4 fxe4 25. fxe4 Qg7 26. Bh3 Ba6 27. Qd3 Nc5 28. Bxc5 bxc5 29. Kg2 h5 30. Be6+ Kh7 31. Nh3 Kh8 32. Ng5 Rf8 33. Rxb8 Rxb8 34. Rf2 Bc8 35. Qf1 Bxe6 36. Nxe6 Ng4 37. Nxg7 Ne3+ 38. Kg1 Nxf1 39. Ne6 Ne3 40. Rf7 Rb1+ 41. Kf2 Rf1+ 42. Kxe3 Rxf7 43. Ke2 Kg8 44. Nd8 Rf8 45. Nc6 Re8 46. Kd3 Kf7 47. Kc2 Kf6 48. Kb3 Ra8 49. h4 g5 50. Kc2 gxh4 51. gxh4 Rg8 52. Nxa5 Ra8 53. Nb3 Rxa4 54. Nd2 Ra2+ 55. Kd3 Ra1 56. Nf3 Rh1 57. Ke2 Ke7 58. Kd2 Kd7 59. Ke2 c6 0-1


[Site "https://www.chess.com"]

[Event "Titled Tuesday Blitz March 07 Early 2023"]
[White "Fiorito, Francisco"]
[Black "Postnikov, Artem"]
[WhiteFideId "180165"]
[BlackFideId "34153575"]
[WhiteElo "2341"]
[BlackElo "2243"]
[Result "1-0"]
[Round "04"]
[TimeControl "180+2"]
[Date "2023.03.07"]
[WhiteClock "0:01:11"]
[BlackClock "0:00:02"]

1. d4 Nf6 2. Nc3 d5 3. Bf4 c5 4. e3 cxd4 5. exd4 a6 6. Nf3 Bg4 7. h3 Bh5 8. g4 Bg6 9. Ne5 Ne4 10. Nxe4 Bxe4 11. f3 Bg6 12. h4 f6 13. Nxg6 hxg6 14. Bd3 Kf7 15. h5 g5 16. Bg6+ Kg8 17. Qe2 e5 18. Bg3 Nc6 19. dxe5 Qa5+ 20. c3 fxe5 21. Bxe5 Rh6 22. Bg3 d4 23. O-O dxc3 24. bxc3 Qc5+ 25. Bf2 Qxc3 26. Rac1 Qe5 27. Qc4+ Kh8 28. Rfe1 Qb2 29. Rc2 Qa3 30. Qf7 Qa4 31. Qxb7 Qxc2 32. Bxc2 1-0


[Site "https://www.chess.com"]

[Event "Titled Tuesday Blitz March 07 Early 2023"]
[White "Andreev, Konstantin"]
[Black "Prokofiev, Valentyn"]
[WhiteFideId "24239305"]
[BlackFideId "14160161"]
[WhiteElo "2106"]
[BlackElo "2260"]
[Result "1-0"]
[Round "04"]
[TimeControl "180+2"]
[Date "2023.03.07"]
[WhiteClock "0:00:03"]
[BlackClock "0:00:01"]

1. e4 c5 2. Nf3 d6 3. d4 cxd4 4. Nxd4 Nf6 5. Nc3 a6 6. h4 e5 7. Nb3 Be6 8. f4 exf4 9. Bxf4 Nc6 10. Qd2 Be7 11. O-O-O Ne5 12. Kb1 Rc8 13. Be2 b5 14. Qe3 Qc7 15. Rd2 O-O 16. Nd5 Nxd5 17. exd5 Bd7 18. Nd4 Bf6 19. Bg5 Nc4 20. Bxc4 Bxd4 21. Rxd4 bxc4 22. Qc3 Rfe8 23. h5 Re2 24. h6 f6 25. Bf4 Bf5 26. Rd2 Rce8 27. a3 Rxd2 28. Bxd2 Re2 29. Re1 Qe7 30. hxg7 Kxg7 31. Rh1 Qe4 32. Kc1 Bg6 33. Rf1 Qe5 34. Qxe5 fxe5 35. g4 Be4 36. Kd1 Rg2 37. g5 Bxd5 38. Rf6 Be4 39. Rxd6 Bf3+ 40. Ke1 e4 41. Rf6 Rg1+ 42. Kf2 Rg2+ 43. Ke1 Re2+ 44. Kd1 Rh2+ 45. Ke1 Rh1+ 46. Kf2 Rh2+ 47. Ke1 Re2+ 48. Kd1 Kg8 49. Bc3 Rh2+ 50. Ke1 Re2+ 51. Kf1 Rxc2 52. Re6 h5 53. g6 Bg2+ 54. Kg1 1-0


[Site "https://www.chess.com"]

[Event "Titled Tuesday Blitz March 07 Early 2023"]
[White "Orlov, Georgi"]
[Black "Mikhalsky, Vladimir"]
[WhiteFideId "2011271"]
[BlackFideId "14144352"]
[WhiteElo "2647"]
[BlackElo "2272"]
[Result "1-0"]
[Round "04"]
[TimeControl "180+2"]
[Date "2023.03.07"]
[WhiteClock "0:00:37"]
[BlackClock "0:00:10"]

1. d4 Nf6 2. Nf3 c5 3. c3 g6 4. Bg5 Bg7 5. e3 O-O 6. Nbd2 b6 7. a4 Bb7 8. Be2 h6 9. Bh4 g5 10. Bg3 d6 11. Qc2 Nc6 12. h4 g4 13. Nh2 h5 14. f3 cxd4 15. exd4 Nd5 16. fxg4 Ne3 17. Qe4 Nxd4 18. Qxb7 Nec2+ 19. Kf2 Nxe2 20. Kxe2 Nxa1 21. Rxa1 hxg4 22. Qe4 f5 23. Qe6+ Rf7 24. Rf1 Qc8 25. Qd5 e5 26. Nxg4 f4 27. Rf3 Qxg4 28. Qxa8+ Bf8 29. Bf2 Re7 30. Qd5+ Rf7 31. Ne4 Bg7 32. Nxd6 1-0


[Site "https://www.chess.com"]

[Event "Titled Tuesday Blitz March 07 Early 2023"]
[White "Staudenhocker43"]
[Black "Dehtiarov, Roman"]
[BlackFideId "14186640"]
[WhiteElo "2438"]
[BlackElo "2162"]
[Result "0-1"]
[Round "04"]
[TimeControl "180+2"]
[Date "2023.03.07"]
[WhiteClock "0:00:26"]
[BlackClock "0:00:31"]

1. e4 e5 2. Nf3 Nc6 3. Bb5 a6 4. Ba4 Nf6 5. O-O Be7 6. Re1 b5 7. Bb3 d6 8. c3 O-O 9. h3 Nb8 10. d4 Nbd7 11. Nbd2 Bb7 12. Bc2 Re8 13. Nf1 Bf8 14. Ng3 g6 15. Bd2 h6 16. a4 Bg7 17. Qc1 Kh7 18. Bd3 c6 19. Ra2 Qe7 20. Qc2 Nb6 21. b3 Nfd7 22. Rea1 Rac8 23. dxe5 dxe5 24. Be3 Nc5 25. Bf1 Nbd7 26. c4 b4 27. Rd1 Ne6 28. Qb1 c5 29. Bd3 Nd4 30. Bxd4 cxd4 31. Ne1 h5 32. Qc2 Nc5 33. Qe2 Nxb3 34. Rb1 Na5 35. Nxh5 gxh5 36. Qxh5+ Kg8 37. Nf3 Qd6 38. Ng5 Qg6 39. Qxg6 fxg6 40. Rxb4 Bf8 41. Rb6 Rc6 42. Rab2 Re7 43. Rxc6 Bxc6 44. Rb6 Ra7 45. Rxa6 Rxa6 46. c5 Ra7 47. Bb5 Bxb5 48. axb5 Bxc5 49. Ne6 Bb6 0-1


[Site "https://www.chess.com"]

[Event "Titled Tuesday Blitz March 07 Early 2023"]
[White "Ozer, Omer Faruk"]
[Black "Fikiet, Alex"]
[WhiteFideId "6354564"]
[BlackFideId "2052717"]
[WhiteElo "2260"]
[BlackElo "2438"]
[Result "1-0"]
[Round "04"]
[TimeControl "180+2"]
[Date "2023.03.07"]
[WhiteClock "0:00:51"]
[BlackClock "0:00:21"]

1. d4 d5 2. Nf3 e6 3. g3 a6 4. Bg2 c5 5. O-O cxd4 6. Nxd4 Nf6 7. b3 Be7 8. Bb2 O-O 9. Nd2 Nc6 10. Nxc6 bxc6 11. c4 Rb8 12. Qc2 Nd7 13. e4 Bb7 14. Rfd1 Bf6 15. Nf3 Bxb2 16. Qxb2 Qb6 17. Rac1 Nc5 18. Ne5 dxe4 19. Qc3 f6 20. Nd7 Nxd7 21. Rxd7 c5 22. Qe3 Qc6 23. Rcd1 Rf7 24. R7d6 Qc7 25. Bxe4 Bxe4 26. Qxe4 Re8 27. Rxe6 Rxe6 28. Qxe6 h6 29. Qxa6 Re7 30. Qd6 Qb7 31. Qd5+ 1-0


[Site "https://www.chess.com"]

[Event "Titled Tuesday Blitz March 07 Early 2023"]
[White "Zherebtsova, Alexandra"]
[Black "Papasimakopoulos, Alexandros"]
[WhiteFideId "24129518"]
[BlackFideId "4244125"]
[WhiteElo "2055"]
[BlackElo "2359"]
[Result "0-1"]
[Round "04"]
[TimeControl "180+2"]
[Date "2023.03.07"]
[WhiteClock "0:00:04"]
[BlackClock "0:00:09"]

1. d4 e6 2. Nf3 b6 3. c4 Bb7 4. g3 Bb4+ 5. Nbd2 Nf6 6. a3 Bxd2+ 7. Qxd2 O-O 8. Bg2 d6 9. O-O Nbd7 10. b4 Qe7 11. Bb2 Be4 12. Rfd1 h6 13. a4 a5 14. b5 Rfe8 15. Qc3 e5 16. e3 Bxf3 17. Bxf3 e4 18. Bg2 h5 19. h3 Rac8 20. Rac1 c6 21. bxc6 Rxc6 22. Qb3 Rec8 23. Ba3 Qd8 24. Qb5 Qc7 25. Bf1 d5 26. cxd5 Rxc1 27. Rxc1 Qb8 28. Rc6 Re8 29. Bd6 Qd8 30. Qc4 h4 31. g4 Nh7 32. Bc7 Qe7 33. d6 Qf6 34. Bxb6 Ng5 35. Bg2 Nf3+ 36. Kh1 Kh7 37. Bxa5 Rb8 38. Bb4 Re8 39. Rc7 Rd8 40. a5 Ng5 41. Qc2 Qe6 42. a6 Nf6 43. a7 Nxg4 44. hxg4 Qxg4 45. d7 h3 46. Bxe4+ Nxe4 47. f3 Qxf3+ 48. Kh2 f5 49. Be7 Nf2 50. Bxd8 Qg2# 0-1


[Site "https://www.chess.com"]

[Event "Titled Tuesday Blitz March 07 Early 2023"]
[White "Petrova, Irina"]
[Black "Hamitevici, Vladimir"]
[WhiteFideId "14124122"]
[BlackFideId "13902393"]
[WhiteElo "2084"]
[BlackElo "2401"]
[Result "0-1"]
[Round "04"]
[TimeControl "180+2"]
[Date "2023.03.07"]
[WhiteClock "0:00:09"]
[BlackClock "0:00:07"]

1. e4 e5 2. Nf3 Nc6 3. Bb5 a6 4. Ba4 d6 5. c4 Bd7 6. Nc3 Nd4 7. Bxd7+ Qxd7 8. d3 Ne7 9. O-O Nec6 10. Rb1 Be7 11. b4 Nxf3+ 12. Qxf3 Nd4 13. Qd1 f5 14. Be3 O-O 15. Bxd4 exd4 16. Nd5 Bd8 17. b5 Qf7 18. a4 axb5 19. cxb5 c6 20. bxc6 bxc6 21. Nb6 Ra6 22. Nc4 c5 23. exf5 d5 24. Ne5 Qxf5 25. Nf3 Bf6 26. Rb7 Rfa8 27. Qb3 h6 28. Rb8+ Kh7 29. Rxa8 Rxa8 30. Re1 Qd7 31. h3 Rxa4 32. Ne5 Bxe5 33. Rxe5 c4 34. Qc2 Ra1+ 35. Kh2 c3 36. f4 Qf7 37. Qf2 Rb1 38. Re2 Rd1 39. Qxd4 Rd2 40. Re1 Qg6 41. Qxd5 Rxd3 42. Qe4 Rd2 43. Qxg6+ Kxg6 44. Re6+ Kf5 45. Rc6 c2 46. Kg3 Ke4 47. Re6+ Kd3 48. Rd6+ Ke2 49. Rc6 Kd1 50. Kg4 Rxg2+ 51. Kf5 c1=Q 52. Rxc1+ Kxc1 0-1


[Site "https://www.chess.com"]

[Event "Titled Tuesday Blitz March 07 Early 2023"]
[White "Mamedov, Edgar"]
[Black "Slade, Theodore"]
[WhiteFideId "13739980"]
[BlackFideId "426547"]
[WhiteElo "2330"]
[BlackElo "1964"]
[Result "1-0"]
[Round "04"]
[TimeControl "180+2"]
[Date "2023.03.07"]
[WhiteClock "0:00:02"]
[BlackClock "0:00:11"]

1. c4 e6 2. Nf3 d5 3. g3 Nf6 4. Bg2 Be7 5. O-O O-O 6. d4 dxc4 7. Qc2 a6 8. a4 Bd7 9. Qxc4 Bc6 10. Nc3 b5 11. Qd3 b4 12. Nb1 Be4 13. Qd1 c5 14. Nbd2 Bd5 15. dxc5 Bxc5 16. Nb3 Be7 17. Be3 Nc6 18. Rc1 Rc8 19. Nc5 a5 20. Qd3 Qc7 21. Rfd1 Rfd8 22. Qb1 Qb8 23. Ng5 Bxg2 24. Kxg2 Rxd1 25. Rxd1 Ne5 26. Nce4 Qb7 27. Kg1 Nxe4 28. Nxe4 f5 29. Nd6 Bxd6 30. Rxd6 Rc6 31. Qd1 Nf7 32. Rd7 Rc7 33. Rd4 Qc6 34. b3 Qc2 35. Qxc2 Rxc2 36. Rd7 Rxe2 37. Ra7 Ne5 38. Rxa5 Nd3 39. Ra8+ Kf7 40. a5 Rb2 41. a6 Rxb3 42. a7 Ra3 43. Rb8 b3 44. a8=Q Rxa8 45. Rxa8 b2 46. Rb8 1-0


[Site "https://www.chess.com"]

[Event "Titled Tuesday Blitz March 07 Early 2023"]
[White "Foerster-Yialamas, Lucas"]
[Black "Rastbod, Ali"]
[WhiteFideId "30901774"]
[BlackFideId "12567477"]
[WhiteElo "2067"]
[BlackElo "2211"]
[Result "0-1"]
[Round "04"]
[TimeControl "180+2"]
[Date "2023.03.07"]
[WhiteClock "0:00:25"]
[BlackClock "0:00:23"]

1. b3 e5 2. Nf3 e4 3. Ng1 d5 4. c4 d4 5. d3 Nf6 6. Bg5 Bb4+ 7. Nd2 e3 8. fxe3 dxe3 9. Bxe3 Ng4 10. Bf4 Qd4 11. Nh3 Ne3 12. Bxe3 Qxe3 13. g3 O-O 14. Nf2 Nc6 15. Bg2 Nd4 16. a3 Bxd2+ 17. Qxd2 Qxd2+ 18. Kxd2 Nxb3+ 19. Kc3 Nxa1 20. d4 Re8 21. e4 c5 22. d5 f6 23. Nd3 b6 24. Rxa1 Bd7 25. a4 g6 26. a5 Kg7 27. Nf4 f5 28. Kd3 fxe4+ 29. Bxe4 b5 30. Bg2 Bf5+ 31. Kc3 b4+ 32. Kb3 Re3+ 33. Kb2 g5 34. Bh3 gxf4 35. Bxf5 f3 36. Rf1 Rf8 37. g4 h5 38. h3 hxg4 39. hxg4 Kf6 40. d6 Ke5 41. d7 Rd8 42. Kc2 Kf4 43. Kd2 b3 44. a6 b2 45. Kc2 Re2+ 46. Kc3 Ke3 47. g5 f2 48. g6 Re1 49. Rxf2 Kxf2 50. Kxb2 Re7 51. Ka3 Ke3 52. Ka4 Rdxd7 53. Bxd7 Rxd7 54. Kb5 Kd4 55. Kc6 Rg7 56. Kd6 Rxg6+ 57. Kc7 Rb6 58. Kc8 Kxc4 59. Kc7 Kb5 60. Kc8 c4 61. Kc7 c3 62. Kc8 c2 63. Kc7 c1=Q+ 64. Kd7 Rh6 65. Ke7 Rh2 66. Kf7 Re2 67. Kg6 Qf1 68. Kh5 Rg2 69. Kh4 Qh1# 0-1


[Site "https://www.chess.com"]

[Event "Titled Tuesday Blitz March 07 Early 2023"]
[White "Malek, Jan"]
[Black "Miszler, Levente"]
[WhiteFideId "21864080"]
[BlackFideId "763276"]
[WhiteElo "2255"]
[BlackElo "2176"]
[Result "1-0"]
[Round "04"]
[TimeControl "180+2"]
[Date "2023.03.07"]
[WhiteClock "0:01:25"]
[BlackClock "0:00:57"]

1. b3 c5 2. Bb2 Nc6 3. Nf3 d5 4. d4 cxd4 5. Nxd4 Nf6 6. Nc3 g6 7. e4 Bg7 8. Bb5 O-O 9. Bxc6 bxc6 10. Nxc6 Qc7 11. Nxd5 Nxd5 12. Bxg7 Kxg7 13. exd5 Bb7 14. O-O Bxc6 15. dxc6 Qxc6 16. c4 Rfd8 17. Qe2 Qf6 18. Rad1 a5 19. g3 a4 20. h4 axb3 21. axb3 e6 22. Rxd8 Rxd8 23. Rd1 Rb8 24. Rd3 Qa1+ 25. Kg2 Qb1 26. Qe5+ Kh6 27. Rf3 Rxb3 28. Qf4+ Kg7 29. Qxf7+ Kh6 30. Qf4+ Kg7 31. Qf8# 1-0


[Site "https://www.chess.com"]

[Event "Titled Tuesday Blitz March 07 Early 2023"]
[White "Begunov, Konstantin"]
[Black "Kim, Sergey"]
[WhiteFideId "4118510"]
[BlackFideId "13700570"]
[WhiteElo "2079"]
[BlackElo "2630"]
[Result "1/2-1/2"]
[Round "04"]
[TimeControl "180+2"]
[Date "2023.03.07"]
[WhiteClock "0:00:16"]
[BlackClock "0:00:46"]

1. d4 Nf6 2. c4 g6 3. f3 Bg7 4. e4 d6 5. Nc3 O-O 6. Be3 Nc6 7. Nge2 a6 8. a3 Rb8 9. b4 e5 10. d5 Ne7 11. Qd2 c6 12. dxc6 bxc6 13. Rd1 Be6 14. Qxd6 Qxd6 15. Rxd6 Bxc4 16. Bg5 Be6 17. Nc1 h6 18. Be3 Ra8 19. Nd3 Nd7 20. Nc5 Nxc5 21. Bxc5 Rfe8 22. Be2 Bf8 23. Kf2 g5 24. Rhd1 Rec8 25. Na4 Ng6 26. Nb6 Bxd6 27. Rxd6 a5 28. Nxa8 Rxa8 29. Rxc6 axb4 30. Bxb4 Nf4 31. Bf1 Rd8 32. Rc3 Rd2+ 33. Ke3 Ra2 34. g3 Ng2+ 35. Kd3 Ne1+ 36. Ke3 Nc2+ 37. Kd3 Ne1+ 38. Ke3 Nc2+ 39. Kd3 Ne1+ 1/2-1/2


[Site "https://www.chess.com"]

[Event "Titled Tuesday Blitz March 07 Early 2023"]
[White "Colas, Joshua"]
[Black "Markus, Robert"]
[WhiteFideId "2044447"]
[BlackFideId "921637"]
[WhiteElo "2347"]
[BlackElo "2623"]
[Result "1-0"]
[Round "04"]
[TimeControl "180+2"]
[Date "2023.03.07"]
[WhiteClock "0:00:52"]
[BlackClock "0:00:30"]

1. Nf3 Nf6 2. c4 g6 3. b3 Bg7 4. Bb2 O-O 5. g3 d6 6. d4 c5 7. Bg2 Nc6 8. O-O cxd4 9. Nxd4 Bd7 10. Nc3 Nxd4 11. Qxd4 Bc6 12. Nd5 Ne8 13. Qd2 Bxb2 14. Qxb2 Nc7 15. e4 Nxd5 16. exd5 Bd7 17. Rfe1 Rc8 18. h4 b5 19. cxb5 Bxb5 20. h5 Re8 21. a4 Bd3 22. h6 f6 23. Bh3 Rc2 24. Qd4 Qb6 25. Qxb6 axb6 26. Bd7 Rd8 27. Rxe7 Kf8 28. Rxh7 Rc7 29. Rh8+ Ke7 30. Rxd8 Kxd8 31. h7 1-0


[Site "https://www.chess.com"]

[Event "Titled Tuesday Blitz March 07 Early 2023"]
[White "Domingo Nunez, Ruben"]
[Black "Topalov, Aleksandar"]
[WhiteFideId "22245570"]
[BlackFideId "925659"]
[WhiteElo "2404"]
[BlackElo "2151"]
[Result "1-0"]
[Round "04"]
[TimeControl "180+2"]
[Date "2023.03.07"]
[WhiteClock "0:00:15"]
[BlackClock "0:00:01"]

1. b3 Nf6 2. Bb2 g6 3. Nf3 Bg7 4. g3 O-O 5. Bg2 d6 6. d4 Nbd7 7. O-O e5 8. dxe5 Ng4 9. Nc3 Ngxe5 10. Nxe5 Nxe5 11. Rb1 Nc6 12. Nd5 Bxb2 13. Rxb2 Be6 14. c4 Bxd5 15. Qxd5 Qf6 16. Rd2 Rfe8 17. Qb5 Qc3 18. Rfd1 Rab8 19. Bxc6 bxc6 20. Qxc6 Re7 21. e3 a5 22. Kg2 h5 23. h4 Rb6 24. Qa8+ Kg7 25. Rd3 Qb4 26. Rc1 Qa3 27. Rc2 Rb4 28. Qa7 a4 29. c5 Rbe4 30. Rdc3 Qb4 31. a3 Qb5 32. b4 R4e5 33. Qa8 1-0


[Site "https://www.chess.com"]

[Event "Titled Tuesday Blitz March 07 Early 2023"]
[White "Melikyan, Gnel"]
[Black "Matveeva, Olga"]
[WhiteFideId "54109990"]
[BlackFideId "24107018"]
[WhiteElo "2138"]
[BlackElo "2056"]
[Result "1-0"]
[Round "04"]
[TimeControl "180+2"]
[Date "2023.03.07"]
[WhiteClock "0:00:12"]
[BlackClock "0:00:02"]

1. h3 d5 2. c4 d4 3. Nf3 c5 4. e3 Nc6 5. a3 a5 6. d3 e5 7. exd4 cxd4 8. Nbd2 Nf6 9. g3 Bd6 10. Bg2 O-O 11. O-O Re8 12. Re1 Bf5 13. Qc2 h6 14. b3 Rc8 15. Nh4 Bh7 16. Ne4 Be7 17. Nxf6+ Bxf6 18. Nf3 e4 19. dxe4 d3 20. Qa2 Bxa1 21. Qxa1 Rxe4 22. Be3 Re8 23. Qc3 Qd7 24. Rd1 Be4 25. b4 axb4 26. axb4 Qf5 27. Nh4 Qh7 28. Bf1 Ne5 29. Bd4 Nxc4 30. Qb3 Nd6 31. f3 Bg6 32. g4 Nb5 33. Bc5 Rcd8 34. Nxg6 Qxg6 35. Bxd3 Qc6 36. Qc4 Nd6 37. Qf4 Nc8 38. Qf5 g6 39. Qf4 b6 40. Bd4 Qe6 41. Bb5 Rf8 42. Qxh6 f6 43. Qxg6+ Kh8 44. Kg2 Nd6 45. Bd3 Rd7 46. Qh6+ Kg8 47. Rd2 1-0


[Site "https://www.chess.com"]

[Event "Titled Tuesday Blitz March 07 Early 2023"]
[White "Melikhov, Evgeny V."]
[Black "Di Nicolantonio, Lucas"]
[WhiteFideId "4122046"]
[BlackFideId "680460"]
[WhiteElo "2158"]
[BlackElo "2358"]
[Result "0-1"]
[Round "04"]
[TimeControl "180+2"]
[Date "2023.03.07"]
[WhiteClock "0:00:53"]
[BlackClock "0:01:02"]

1. d4 g6 2. c4 Bg7 3. Nc3 d6 4. e4 e5 5. d5 f5 6. f3 Nf6 7. Be3 Na6 8. Qd2 O-O 9. Bd3 Nc5 10. Nge2 a5 11. Bc2 b6 12. O-O-O a4 13. exf5 Bxf5 14. Bxf5 gxf5 15. h3 Qd7 16. g4 f4 17. Bf2 e4 18. Nxf4 exf3 19. Ne6 Nxe6 20. dxe6 Qxe6 21. Nd5 Nxd5 22. Qxd5 Qxd5 23. cxd5 Rae8 24. Rde1 Re2 25. Rxe2 fxe2 26. Be1 Rf1 0-1


[Site "https://www.chess.com"]

[Event "Titled Tuesday Blitz March 07 Early 2023"]
[White "Leiva, Gianmarco"]
[Black "Liu, Casper"]
[WhiteFideId "3804399"]
[BlackFideId "1454153"]
[WhiteElo "2345"]
[BlackElo "2221"]
[Result "1-0"]
[Round "04"]
[TimeControl "180+2"]
[Date "2023.03.07"]
[WhiteClock "0:00:06"]
[BlackClock "0:00:05"]

1. e4 c5 2. Nf3 e6 3. b3 Nc6 4. Bb2 d5 5. Bb5 dxe4 6. Ne5 Bd7 7. Bxc6 Bxc6 8. Qh5 Qc7 9. Na3 Nf6 10. Qe2 Bd6 11. Nb5 Bxb5 12. Qxb5+ Ke7 13. f4 a6 14. Qe2 Rhd8 15. g4 Nd5 16. Qxe4 f6 17. O-O Nxf4 18. Nc4 Nh3+ 19. Kh1 Ng5 20. Qg2 Bf4 21. h4 Nf7 22. Qe4 Bxd2 23. g5 fxg5 24. Bxg7 Qg3 25. Bf6+ Kf8 26. hxg5 Qh3+ 27. Kg1 Qg3+ 28. Qg2 Qxg2+ 29. Kxg2 Rd5 30. Nb6 Rf5 31. Rxf5 exf5 32. Nxa8 f4 33. Kf3 Nd6 34. Rd1 1-0


[Site "https://www.chess.com"]

[Event "Titled Tuesday Blitz March 07 Early 2023"]
[White "Jimenez Almeida, Luis David"]
[Black "Smith, Garrett L"]
[WhiteFideId "22242244"]
[BlackFideId "2024829"]
[WhiteElo "2245"]
[BlackElo "2284"]
[Result "1-0"]
[Round "04"]
[TimeControl "180+2"]
[Date "2023.03.07"]
[WhiteClock "0:00:39"]
[BlackClock "0:00:10"]

1. e4 c5 2. Nc3 Nc6 3. Nge2 e5 4. g3 Nf6 5. Bg2 Be7 6. d3 h6 7. h3 d6 8. Be3 Be6 9. Nd5 Bxd5 10. exd5 Nb4 11. Nc3 Qd7 12. Qd2 b5 13. O-O O-O 14. f4 Rab8 15. a3 Na6 16. fxe5 dxe5 17. Bxh6 gxh6 18. Qxh6 Rb6 19. Rae1 Nxd5 20. Qh5 Nxc3 21. bxc3 Qd6 22. Rxe5 Nc7 23. Be4 Qh6 24. Qxh6 Rxh6 25. Rxe7 Ne6 26. h4 a5 27. Kg2 b4 28. cxb4 axb4 29. axb4 cxb4 30. Rb7 Nd4 31. Rf2 Rc8 32. Rxb4 Nxc2 33. Rb7 f6 34. g4 Rxh4 35. Kg3 Rh6 36. Bf5 Rd8 37. Rxc2 1-0


[Site "https://www.chess.com"]